AoeStats
← Chaac1706

Arabia

509702360Analyzed
1v1 RM · 5d ago on Sep 27, 2026· 33m 27s· 2 players
Game mode
Random Map
Map size
Tiny (2 player)
Population
200
Speed
Normal
Resources
Standard
Victory
Conquest
Starting age
Dark Age
Ending age
Imperial Age
RankedLock teamsTeams togetherTeam positionsShared explorationLock speedFull tech treeHidden civsTurbo modeCheats
Victory
Defeat
🇨🇴 Muisca · Colombia
1111
+18
🇵🇹 Spanish · Portugal
1159
-18
Chaac1706
5:30 Loom
8:38 Feudal Age
9:25 Double-Bit Axe
9:10 Champi Runner
13:05 Wheelbarrow
14:14 Forging
19:23 Castle Age
18:09 Fletching
19:17 Padded Archer Armor
19:49 Gold Mining
19:39 Horse Collar
19:53 Elite Skirmisher
22:01 Town Watch
23:28 Bow Saw
28:03 Sanctity
27:54 Fervor
30:26 Redemption
30:31 Bodkin Arrow
31:05 Ballistics
Toxytocin
8:07 Loom
10:38 Feudal Age
16:21 Castle Age
26:05 Padded Archer Armor
33:02 Leather Archer Armor
32:58 Forging
Connection lost

Rejoining the realm…

Still unreachable

The connection could not be restored.

Session expired

The server has moved on; the page needs a fresh start.